 Dungeon Crawl Stone Soup version 0.31-a0-4-gefa6de2278 (webtiles) character file.

Game seed: 2301299468539282085

245182 Jackthecabe the Necromancer (level 20, -4/153 HPs)
             Began as a Human Ice Elementalist on May 4, 2023.
             Was an Elder of Sif Muna.
             Killed from afar by a crystal guardian (45 damage)
             ... with a crystal bolt
             ... in the Desolation of Salt.
             The game lasted 03:24:00 (63118 turns).

Jackthecabe the Necromancer (HuIE)                 Turns: 63118, Time: 03:24:01

Health: -4/153     AC: 12    Str: 10 (11) XL:     20   Next: 25%
Magic:  4/35       EV: 16    Int: 30      God:    Sif Muna [****..]
Gold:   1868       SH:  9    Dex: 17 (18) Spells: 6/41 levels left

rFire   . . .        h - staff of cold "Nastam" {rPois rC+ rCorr Stlth+, !a}
rCold   . . .        L - +3 warlock's mirror {omnireflect}
rNeg    . . .        e - +0 troll leather armour
rPois   +            B - +0 helmet {Int+3}
rElec   +            V - scarf {repulsion}
rCorr   +            z - +0 pair of gloves "Zaryllan" {rElec rC- Regen+ Str+3}
SInv    .            U - +2 pair of boots
Will    ++...        f - amulet of regeneration
Stlth   +++          W - ring of willpower
HPRegen 2.85/turn    I - +6 ring of intelligence
MPRegen 0.24/turn

%: repel missiles, reflection
@: channelling, studying Maces & Flails
A: no striking features
}: 2/15 runes: decaying, gossamer
a: Renounce Religion, Channel Magic, Forget Spell, Divine Exegesis


You were in the Desolation of Salt.
You worshipped Sif Muna.
Sif Muna was greatly pleased with you.
You visited 6 branches of the dungeon, and saw 31 of its levels.
You also visited: Sewer, Ossuary, Bailey, Ice Cave and Desolation.

You collected 3213 gold pieces.
You spent 1345 gold pieces at shops.


   Skills:
 + Level 12.2 Fighting
 + Level 10.5 Armour
 + Level 8.6 Dodging
 - Level 2.0 Stealth
 - Level 5.0 Shields
 + Level 11.3 Spellcasting
 - Level 16.0 Summonings
 + Level 17.5 Necromancy
 - Level 2.0 Translocations
 - Level 8.0 Ice Magic
 - Level 8.0 Earth Magic
 - Level 10.0 Invocations
 - Level 4.0 Evocations


You had 6 spell levels left.
You knew the following spells:

 Your Spells              Type           Power      Damage    Failure   Level
d - Death Channel         Necr           44%        N/A       1%          6
f - Freeze                Ice            100%       1d10      1%          1
h - Haunt                 Necr/Summ      43%        N/A       4%          7
o - Ozocubu's Armour      Ice            78%        N/A       1%          3
r - Frozen Ramparts       Ice            100%       1d16      1%          3
t - Summon Forest         Summ/Tloc      31%        N/A       3%          5
v - Borgnjor's Vile Clut  Necr/Erth      38%        N/A       1%          5
B - Blink                 Tloc           58%        N/A       3%          2
X - Hailstorm             Conj/Ice       57%        3d12      3%          3

Your spell library contained the following spells:

 Spells                   Type           Power      Damage    Failure   Level
 Summon Small Mammal      Summ           100%       N/A       0%          1
 Call Imp                 Summ           100%       N/A       0%          2
 Sublimation of Blood     Necr           89%        N/A       0%          2
 Vampiric Draining        Necr           89%        2d12      0%          3
 Ensorcelled Hibernation  Hex/Ice        100%       N/A       1%          2
 Passwall                 Tmut/Erth      34%        N/A       1%          2
 Call Canine Familiar     Summ           85%        N/A       1%          3
 Anguish                  Hex/Necr       31%        N/A       1%          4
 Animate Dead             Necr           89%        N/A       1%          4
 Dispel Undead            Necr           89%        3d28      1%          4
 Summon Ice Beast         Ice/Summ       93%        N/A       1%          4
 Summon Lightning Spire   Summ/Air       60%        N/A       1%          4
 Summon Cactus Giant      Summ           42%        N/A       1%          6
 Apportation              Tloc           58%        N/A       2%          1
 Simulacrum               Ice/Necr       48%        N/A       4%          6
 Beastly Appendage        Tmut           34%        N/A       5%          1
 Magic Dart               Conj           68%        1d6       5%          1
 Sting                    Tmut/Pois      68%        1d6       5%          1
 Lee's Rapid Deconstruct  Erth           30%        3d16*     5%          5
 Summon Mana Viper        Hex/Summ       60%        N/A       5%          5
 Poisonous Vapours        Pois/Air       34%        N/A       9%          2
 Searing Ray              Conj           34%        2d5       9%          2
 Static Discharge         Conj/Air       34%        2-4/arc   9%          2
 Wereblood                Tmut           17%        N/A       9%          2
 Portal Projectile        Hex/Tloc       46%        N/A       11%         3
 Vhi's Electric Charge    Tloc/Air       46%        N/A       11%         3
 Ice Form                 Ice/Tmut       57%        N/A       11%         4
 Leda's Liquefaction      Hex/Erth       20%        N/A       11%         4
 Petrify                  Tmut/Erth      41%        N/A       11%         4
 Ignite Poison            Fire/Tmut/Pois 17%        N/A       16%         3
 Mephitic Cloud           Conj/Pois/Air  17%        N/A       16%         3
 Spider Form              Tmut/Pois      17%        N/A       16%         3
 Swiftness                Air            17%        N/A       16%         3
 Manifold Assault         Tloc           29%        N/A       24%         4
 Metabolic Englaciation   Hex/Ice        28%        N/A       28%         5
 Freezing Cloud           Conj/Ice/Air   24%        6-21      45%         5
 Airstrike                Air            8%         2d(2-18)  47%         4
 Flame Wave               Conj/Fire      17%        2d7       47%         4
 Olgreb's Toxic Radiance  Pois           17%        N/A       47%         4
 Alistair's Intoxication  Tmut/Pois      11%        N/A       83%         5
 Arcjolt                  Conj/Air       8%         1d18      83%         5
 Irradiate                Conj/Tmut      8%         3d14      83%         5
 Conjure Ball Lightning   Conj/Air       8%         3x3d6     100%        6
 Eringya's Noxious Bog    Tmut/Pois      8%         N/A       100%        6
 Plasma Beam              Fire/Air       8%         2x1d21    100%        6
 Summon Hydra             Summ           42%        N/A       6%          7
 Borgnjor's Revivificati  Necr           44%        N/A       26%         8
 Infestation              Necr           44%        N/A       26%         8
 Ozocubu's Refrigeration  Ice            39%        4d16      86%         7
 Spellforged Servitor     Conj/Summ      30%        N/A       86%         7
 Death's Door             Necr           44%        N/A       99%         9
 Enfeeble                 Hex            8%         N/A       100%        7
 Storm Form               Tmut/Air       8%         N/A       100%        7
 Maxwell's Capacitive Co  Air            8%         ∞         100%        8
 Necromutation            Tmut/Necr      31%        N/A       100%        8
 Dragon's Call            Summ           42%        N/A       100%        9
 Fire Storm               Conj/Fire      8%         8d2       100%        9
 Polar Vortex             Ice            39%        N/A       100%        9

Inventory:

Missiles
 P - a throwing net {=f}
 X - 8 curare-tipped darts {=f}
Armour
 e - a +0 troll leather armour (worn)
 z - the +0 pair of gloves "Zaryllan" (worn) {rElec rC- Regen+ Str+3}
   (You bought it in a shop on level 2 of the Orcish Mines)

   Str:       It affects your strength (+3).
   rC:        It makes you vulnerable to cold.
   rElec:     It insulates you from electricity.
   Regen:     It increases your rate of health regeneration.
 B - a +0 helmet of intelligence (worn)
 L - the +3 warlock's mirror (worn) {omnireflect}
   (You acquired it on level 6 of the Dungeon)

   Omnireflect: It can block and reflect piercing ranged attacks and magical
   attacks against the wielder's willpower.
 U - a +2 pair of boots (worn)
 V - a scarf of repulsion (worn)
Magical Staves
 h - the staff of cold "Nastam" (weapon) {rPois rC+ rCorr Stlth+, !a}
   (You acquired it on level 5 of the Dungeon)

   [staff of cold]

   Base accuracy: +5 Base damage: 5 Base attack delay: 1.2 This weapon's minimum
   attack delay (0.6) is reached at skill level 12.
   rC:        It protects you from cold.
   rPois:     It protects you from poison.
   rCorr:     It protects you from acid and corrosion.
   Stlth:     It makes you more stealthy.
   It falls into the 'Staves' category.
   It is a one-handed weapon.
Jewellery
 c - a ring of protection from cold
 f - an amulet of regeneration (around neck)
 g - the ring "Wuhen" {Ice Int+4}
   (You found it on level 1 of the Spider Nest)

   [ring of ice]

   It enhances your ice magic.
   Int:       It affects your intelligence (+4).
   rF:        It makes you vulnerable to fire.
   rC:        It protects you from cold.
 v - a ring of see invisible
 E - a +5 ring of evasion
 I - a +6 ring of intelligence (right hand)
 R - a ring of resist corrosion
 W - a ring of willpower (left hand)
Wands
 a - a wand of roots (15)
 u - a wand of flame (60)
 K - a wand of paralysis (9)
 N - a wand of mindburst (19)
 T - a wand of light (16)
 Y - a wand of polymorph (25)
Scrolls
 d - 2 scrolls of blinking
 l - 5 scrolls of immolation
 n - 3 scrolls of magic mapping
 q - 4 scrolls of fear
 r - 7 scrolls of fog
 x - 3 scrolls of enchant weapon
 y - 4 scrolls of silence {!r}
 C - 3 scrolls of amnesia
 D - 5 scrolls of vulnerability
 H - 9 scrolls of teleportation {@r2}
 Q - 3 scrolls of summoning
 Z - 3 scrolls of poison
Potions
 b - 4 potions of magic
 j - 13 potions of curing {@q1}
 k - 8 potions of attraction
 m - 7 potions of lignification
 o - 5 potions of resistance
 p - 9 potions of flight
 s - 4 potions of ambrosia
 t - 3 potions of invisibility
 A - 2 potions of cancellation
 F - 10 potions of haste {@q3}
 G - 10 potions of mutation
 J - 4 potions of might
 O - 4 potions of brilliance
 S - 3 potions of heal wounds {@q2}
Miscellaneous
 i - a phial of floods
 w - a box of beasts

Dungeon Overview and Level Annotations

Branches:
Dungeon (15/15)            Temple (0/1) D:5            Lair (5/5) D:8
  Swamp (4/4) Lair:3       Spider (4/4) Lair:3        Slime (0/5) Lair:5
    Orc (2/2) D:11            Elf (0/3) Orc:2        Vaults (1/5) D:14
 Depths (0/4) D:15          Sewer (visited)         Ossuary (visited)
 Bailey (visited)           IceCv (visited)         Desolation (1/1)

Altars:
Elyvilon
Gozag
Makhleb
Qazlal
Sif Muna
Uskayaw
Yredelemnul

Shops:
D:8 *   Orc:2 **!:[

Portals:
Pandemonium: Orc:2
Trove: D:12 (give +6 demon trident)

Annotations:
D:3 4 runed translucent doors, Crazy Yiuf; Sigmund; subawu's ghost, weakling HOMo
D:9 2 transporters, roninjake's ghost, journeyman MiFi
Lair:1 1 runed translucent door, Mihiasuf's ghost, journeyman MeEE
Lair:3 3 runed translucent doors, superbruh's ghost, journeyman TrMo
Lair:5 1 runed translucent door
Spider:1 2 transporters, Doqag's ghost, adept MfHs
Spider:3 2 transporters, mandoloar's ghost, adept FoFi

.............##..........
........................#
.............................
....##.......................
.............................
...................∩.∩.......
.............................
...................W.....#...
............@.....9W....##...
...................W....#....
...........................§§
...........................§§
..........................§.§
9..#.....................§§§§
...........................§§
..........................§§§
......§§§§§..............§§.


You could see a crystal guardian (slow, clutched, ally target), 2 friendly
shadow wraiths and a friendly wraith (summoned).


Message History

Aim: a crystal guardian (lightly damaged) Insubstantial figures form in the air.
Unknown command.
The crystal guardian fires a crystalline bolt at you.
The crystal bolt burns you!!!
* * * LOW HITPOINT WARNING * * *
Your shadow wraith hits the crystal guardian but does no damage.
Unknown command.
Your shadow wraith hits the crystal guardian!
Your shadow wraith drains the crystal guardian's vigour!
The crystal guardian seems to slow down.
Unknown command.
Your wraith hits the crystal guardian but does no damage.
Unknown command.
Use which ability? (? or * to list)
Your shadow wraith hits the crystal guardian but does no damage.
Your wraith hits the crystal guardian.
Your wraith drains the crystal guardian's vigour!
The crystal guardian seems to slow down.
Unknown command.
Casting: Haunt (dangerous; 4% risk of failure)
Confirm with . or Enter, or press ? or * to list all spells.
Aiming: Borgnjor's Vile Clutch (mildly dangerous; 1% risk of failure)
Press: ? - help, Shift-Dir - straight line, f/p - crystal guardian
Aim: a crystal guardian (moderately damaged, slow, ally target, 100% to hit)
Zombie hands grab the crystal guardian.
The zombie hands constrict the crystal guardian.
The crystal guardian fires a crystalline bolt at you.
The crystal bolt freezes you!!!
You die...

Skill      XL: |  1  2  3  4  5  6  7  8  9 10 11 12 13 14 15 16 17 18 19 |
---------------+----------------------------------------------------------+-----
Ice Magic      | 5 6 7 8 |  8.0
Spellcasting   | 3 4 5 6 7 10 11 | 11.3
Fighting       | 1 3 4 6 8 9 10 12 | 12.2
Shields        | 1 2 5 |  5.0
Invocations    | 2 4 7 8 10 | 10.0
Armour         | 4 8 10 | 10.5
Translocations | 2 |  2.0
Evocations     | 2 4 |  4.0
Summonings     | 4 7 8 10 13 14 16 | 16.0
Necromancy     | 8 10 12 13 14 16 17 | 17.5
Earth Magic    | 1 5 8 |  8.0
Dodging        | 3 8 |  8.6
Stealth        | |  2.0

Action                     |  1- 3 |  4- 6 |  7- 9 | 10-12 | 13-15 | 16-18 | 19-21 || total
---------------------------+-------+-------+-------+-------+-------+-------+-------++-------
  Melee: Unarmed           |     1 |       |       |       |       |       |       ||     1
         Whip              |     8 |    18 |   316 |       |       |       |       ||   342
         Staff             |       |       |     2 |    49 |   132 |   143 |    92 ||   418
   Cast: Freeze            |    51 |    61 |   149 |   264 |   713 |   509 |    10 ||  1757
         Frozen Ramparts   |     1 |    11 |    20 |    41 |    74 |    74 |     1 ||   222
         Ozocubu's Armour  |       |       |    15 |    15 |    16 |    13 |       ||    59
         Summon Ice Beast  |       |       |       |    10 |    10 |       |       ||    20
         Hailstorm         |       |       |       |    14 |    61 |    13 |     3 ||    91
         Borgnjor's Vile C |       |       |       |       |    86 |   246 |   124 ||   456
         Blink             |       |       |       |       |     1 |       |       ||     1
         Death Channel     |       |       |       |       |    11 |    38 |    18 ||    67
         Haunt             |       |       |       |       |       |    35 |    84 ||   119
         Summon Forest     |       |       |       |       |       |    20 |     8 ||    28
 Invoke: Channel Magic     |       |       |       |     1 |     8 |     9 |     7 ||    25
  Evoke: Wand              |       |       |    10 |    37 |    17 |    27 |     2 ||    93
         Phial of floods   |       |       |       |       |       |     1 |       ||     1
    Use: Scroll            |       |       |    13 |     7 |    11 |     8 |     3 ||    42
         Potion            |       |       |       |     5 |     2 |    12 |     4 ||    23
   Stab: Sleeping          |       |       |     1 |       |     1 |       |       ||     2
         Distracted        |       |       |       |       |     2 |     2 |     1 ||     5
 Armour: Robe              |    11 |     8 |   122 |     7 |       |       |       ||   148
         Steam dragon scal |       |       |       |   128 |    49 |       |       ||   177
         Troll leather arm |       |       |       |       |   238 |   281 |    73 ||   592
  Dodge: Dodged            |    34 |    33 |   225 |   172 |   453 |   443 |   135 ||  1495
         Repelled          |       |       |       |       |     4 |     1 |     9 ||    14
  Block: Buckler           |       |       |   116 |   141 |   398 |   450 |   137 ||  1242
         Reflection        |       |       |     1 |    13 |    24 |    20 |    27 ||    85

Levels and vault maps discovered:
D:1:      dpeg_arrival_simpleton_c, layout_loops_cross
D:2:      layout_loops_cross
D:3:      cheibrodos_old_hovel, layout_basic,
          gammafunk_temple_overflow_elements, biasface_ghost_orc_armoury,
          uniq_sigmund, uniq_crazy_yiuf_cottage
D:4:      layout_gridville, eat_drink_and_be_merry_uskayaw, uniq_natasha
D:5:      layout_gridville, kennysheep_mini, minmay_temple_entry_stoned_glass,
          lightli_ossuary_entry_decrepit_ruins, feat_on_display
D:6:      layout_cave_pools, mainiacjoe_overflow_catwalk, kennysheep_mini_moat,
          gup_sewer_entry_pipe, minmay_fire_ice_demons, uniq_menkaure,
          uniq_duvessa
D:7:      layout_basic, minmay_alternating_orb, uniq_maggie
D:8:      minmay_bloctagon_deflated, layout_gridville,
          nicolae_gozag_seed_capital, due_lair_maze_entry_diamond,
          minmay_shop_damaged
D:9:      layout_cave_pools, enter_bailey_4, gammafunk_ghost_stat_death,
          kb_rosetta, uniq_pikel, uniq_erica
D:10:     minmay_the_grid_square_5x5_3x3 [minmay_the_grid_square_5x5_mess,
          minmay_the_grid_square_5x5_checkered_statues,
          minmay_the_grid_square_5x5_half_checkered,
          minmay_the_grid_square_5x5_hourglass,
          minmay_the_grid_square_5x5_megaprize_checkered,
          minmay_the_grid_square_5x5_shuriken,
          minmay_the_grid_square_5x5_pentomino_r,
          minmay_the_grid_square_5x5_spiral, minmay_the_grid_square_5x5_meh],
          layout_loops_ring
D:11:     layout_basic, david_orc_3, serial_rivers,
          chequers_serial_rivers_small_a, chequers_serial_rivers_small_3,
          chequers_serial_rivers_micro_b, chequers_serial_rivers_large_a,
          uniq_sonja, uniq_maurice, uniq_urug
D:12:     layout_long_grid, nicolae_trove_entry_free_sample, grunt_qazlal_clouds
D:13:     layout_cross
D:14:     layout_cave_pods, ximxim_vaults_locker_room, minivault_23, uniq_kirke,
          uniq_azrael, uniq_lodul
D:15:     hangedman_depths_entry_try_elsewhere_first, layout_cave_pools,
          chequers_avenue
Lair:1:   layout_regular_city, ebering_ghost_reflecting_pool,
          infiniplex_staircase_pool_2
Lair:2:   layout_small_grid
Lair:3:   layout_chaotic_city, skrybe_swamp_entry_bodies,
          spider_nest_entry_web_field, gammafunk_ghost_hydra_chop,
          chequers_serial_rivers_micro_e, dreamdust_mushroom_princess,
          uniq_amaemon
Lair:4:   layout_roguey, grunt_megastairs_1
Lair:5:   guppyfry_lair_end_dragon, layout_regular_city, wormcave,
          slime_entry_1, fungi_pond_lemuel
Swamp:1:  layout_basic_swamp, evilmike_swamp_ruin_rubble_2, swamp_pool1,
          hangedman_swamp_phenomena
Swamp:2:  layout_basic_swamp, evilmike_swamp_ruin_rubble_1
Swamp:3:  nicolae_swamp_husk_halls, layout_falls_marsh,
          nicolae_swamp_little_swirl
Swamp:4:  swamp_vile, layout_basic_swamp, swamp_pool1, infiniplex_staircase_pool
Spider:1: layout_spider_delve, gammafunk_ghost_berserking_beasts
Spider:2: layout_chambers, nicolae_spider_jagged_tunnels
Spider:3: layout_spider_delve, gammafunk_ghost_mausoleum,
          nicolae_spider_claw_tunnel
Spider:4: grunt_spider_rune_circles, portal_ice_cave_entry_ugly_swarm,
          nicolae_orb_island, uniq_donald
Orc:1:    layout_caves, lemuel_statue_altar, uniq_fannar
Orc:2:    pf_orc_diabolical, layout_caves, serial_shops, nicolae_shop_stone
Vaults:1: portal_desolation_entry_ruin, hangedman_vaults_river_flow,
          nicolae_vaults_rhombus_7, vaults_mumra_chevron, vaults_room_fours,
          vaults_room_pools, hangedman_vaults_trim, ontoclasm_vaults_spin,
          nicolae_vaults_trapezoid_lopsided_3, st_more_cells,
          nicolae_vaults_border_crossing, nicolae_vaults_hexular_roomagon,
          layout_vaults_omnigrid, uniq_nikola, uniq_asterion
Desolation

Notes
Turn   | Place    | Note
-------+----------+-------------------------------------------
     0 | D:1      | Jackthecabe the Human Ice Elementalist began the quest for
                  | the Orb.
     0 | D:1      | Reached XP level 1. HP: 13/13 MP: 3/3
   280 | D:1      | Reached XP level 2. HP: 19/19 MP: 1/5
   953 | D:2      | Reached XP level 3. HP: 24/24 MP: 4/6
   966 | D:2      | Learned a level 3 spell: Frozen Ramparts
  1078 | D:2      | Reached skill level 5 in Ice Magic
  1474 | D:2      | Reached XP level 4. HP: 28/30 MP: 5/7
  2194 | D:3      | Noticed Sigmund
  2606 | D:3      | Learned a level 3 spell: Ozocubu's Armour
  2634 | D:3      | Identified the +0 buckler of the Swamp {Dex+7}
  3002 | D:3      | Found a runed translucent gate.
  3002 | D:3      | Found a runed translucent gate.
  3003 | D:3      | Found a runed translucent gate.
  3007 | D:3      | Noticed subawu's ghost (weakling HOMo)
  3083 | D:3      | Identified the +0 dagger of Articulation {heavy, Dex+3}
  3150 | D:3      | Found a runed translucent door.
  3151 | D:3      | Noticed Crazy Yiuf
  3232 | D:3      | Found a shimmering blue altar of Sif Muna.
  3232 | D:3      | Found a burning altar of Makhleb.
  3240 | D:3      | Became a worshipper of Sif Muna the Loreminder
  3728 | D:4      | Reached skill level 6 in Ice Magic
  3728 | D:4      | Reached XP level 5. HP: 35/35 MP: 2/8
  3847 | D:4      | Noticed Natasha
  3850 | D:4      | Killed Natasha
  3851 | D:4      | Reached skill level 3 in Spellcasting
  4198 | D:4      | Reached skill level 1 in Fighting
  4198 | D:4      | Reached skill level 1 in Shields
  4198 | D:4      | Reached XP level 6. HP: 15/43 MP: 5/10
  4268 | D:4      | Noticed Natasha
  4272 | D:4      | Killed Natasha
  4310 | D:4      | Noticed Natasha
  4318 | D:4      | Killed Natasha
  4398 | D:4      | Found a hide-covered altar of Uskayaw.
  4428 | D:4      | Reached skill level 2 in Fighting
  4428 | D:4      | Reached skill level 2 in Shields
  4598 | D:5      | Entered Level 5 of the Dungeon
  4602 | D:5      | Learned a level 2 spell: Blink
  4777 | D:5      | Noticed a water moccasin
  4784 | D:5      | Killed a water moccasin
  4785 | D:5      | Reached skill level 3 in Fighting
  4785 | D:5      | Reached XP level 7. HP: 30/52 MP: 4/11
  4922 | D:5      | Found a sand-covered staircase.
  4983 | D:5      | Reached skill level 4 in Fighting
  5004 | Ossuary  | Entered an ossuary
  5073 | Ossuary  | Reached skill level 7 in Ice Magic
  5249 | Ossuary  | Reached * piety under Sif Muna
  5250 | Ossuary  | Reached XP level 8. HP: 41/60 MP: 8/12
  5664 | Ossuary  | Reached skill level 8 in Ice Magic
  5688 | Ossuary  | Reached skill level 1 in Invocations
  5799 | Ossuary  | Reached skill level 3 in Shields
  5799 | Ossuary  | Reached skill level 2 in Invocations
  5871 | Ossuary  | Reached skill level 4 in Shields
  6288 | Ossuary  | Reached skill level 5 in Shields
  6498 | D:5      | Reached XP level 9. HP: 66/66 MP: 8/13
  6544 | D:5      | Found a staircase to the Ecumenical Temple.
  6736 | D:5      | Reached skill level 5 in Fighting
  6737 | D:5      | Reached ** piety under Sif Muna
  6863 | D:5      | Found a white marble altar of Elyvilon.
  6983 | D:5      | Reached skill level 6 in Fighting
  6983 | D:5      | Reached skill level 1 in Armour
  7119 | D:5      | Reached skill level 2 in Armour
  7224 | D:6      | Reached skill level 3 in Armour
  7241 | D:6      | Found a glowing drain.
  7298 | Sewer    | Entered a sewer
  7507 | Sewer    | Reached *** piety under Sif Muna
  7510 | Sewer    | Reached skill level 4 in Armour
  8042 | D:6      | Noticed Duvessa
  8049 | D:5      | Reached skill level 2 in Translocations
  8207 | D:5      | Reached skill level 1 in Evocations
  8310 | D:5      | Identified 2 scrolls of acquirement
  8315 | D:5      | Acquired the staff of cold "Nastam" {rPois rC+ rCorr
                  | Stlth+}
  8504 | D:6      | Reached skill level 2 in Evocations
  8578 | D:6      | Noticed Dowan
  8596 | D:6      | Found a basalt altar of Yredelemnul.
  8605 | D:6      | Reached skill level 3 in Invocations
  8710 | D:6      | Acquired the +3 warlock's mirror {omnireflect}
  8710 | D:6      | Found the +3 warlock's mirror {omnireflect}
  8842 | D:6      | Found a stormy altar of Qazlal.
  8930 | D:6      | Noticed Menkaure
  9105 | D:6      | Killed Duvessa
  9106 | D:6      | Reached skill level 4 in Invocations
  9127 | D:6      | Killed Dowan
  9495 | D:6      | Killed Menkaure
  9496 | D:6      | Reached XP level 10. HP: 76/76 MP: 15/15
  9602 | D:6      | Found a stormy altar of Qazlal.
  9743 | D:6      | Found a basalt altar of Yredelemnul.
 10063 | D:7      | Reached skill level 4 in Spellcasting
 10063 | D:7      | Reached skill level 1 in Summonings
 10068 | D:7      | Learned a level 4 spell: Summon Ice Beast
 10302 | D:7      | Noticed Maggie
 10409 | D:7      | Reached skill level 2 in Summonings
 10496 | D:7      | Reached skill level 3 in Summonings
 10497 | D:7      | Reached skill level 4 in Summonings
 10553 | D:7      | Reached skill level 7 in Fighting
 11057 | D:7      | Reached skill level 8 in Fighting
 11294 | D:7      | Killed Maggie
 11295 | D:7      | Reached skill level 5 in Invocations
 11937 | D:8      | Reached skill level 6 in Invocations
 12002 | D:8      | Found Ijorphewk's Lightly-Used Armoury.
 12061 | D:8      | Reached **** piety under Sif Muna
 12118 | D:8      | Noticed a deep elf pyromancer
 12164 | D:8      | Reached skill level 7 in Invocations
 12164 | D:8      | Reached XP level 11. HP: 86/86 MP: 3/17
 12343 | D:8      | Found a staircase to the Lair.
 12418 | D:8      | Reached skill level 8 in Invocations
 12516 | D:8      | Reached skill level 3 in Evocations
 12549 | D:8      | Reached skill level 4 in Evocations
 12607 | D:8      | Found an opulent altar of Gozag.
 13142 | D:8      | Killed a deep elf pyromancer
 13155 | D:8      | Reached skill level 5 in Summonings
 13516 | D:9      | Noticed Erica
 13624 | D:9      | Found a transporter.
 13628 | D:9      | Noticed roninjake's ghost (journeyman MiFi)
 13685 | D:9      | Found a flagged portal.
 13757 | Bailey   | Entered a bailey
 13813 | Bailey   | Reached skill level 9 in Fighting
 13819 | Bailey   | Reached ***** piety under Sif Muna
 13969 | Bailey   | Noticed an orc knight
 14124 | Bailey   | Killed an orc knight
 14242 | Bailey   | Found a large runed translucent door.
 14242 | Bailey   | Found a large runed translucent door.
 14243 | Bailey   | Noticed a deep elf zephyrmancer
 14322 | Bailey   | Killed a deep elf zephyrmancer
 14323 | Bailey   | Reached skill level 6 in Summonings
 14411 | Bailey   | Identified the +0 chain mail "Donayv Opha" {rC+ Dex+5}
 14416 | Bailey   | Identified the staff of fire "Resoi" {rF+ rN+ Str+4}
 14881 | D:9      | Found a transporter.
 14967 | D:9      | Noticed Pikel
 14983 | D:9      | Killed Pikel
 14984 | D:9      | Reached skill level 7 in Summonings
 15139 | D:9      | Reached XP level 12. HP: 97/97 MP: 7/18
 15218 | D:9      | Reached skill level 10 in Fighting
 15264 | D:9      | Noticed a centaur warrior
 15274 | D:9      | Killed a centaur warrior
 15569 | D:9      | Killed Erica
 15570 | D:9      | Reached skill level 8 in Summonings
 15570 | D:9      | Reached skill level 1 in Necromancy
 15708 | D:10     | Entered Level 10 of the Dungeon
 15729 | D:10     | Reached skill level 2 in Necromancy
 15731 | D:10     | Reached skill level 3 in Necromancy
 15744 | D:10     | Reached skill level 4 in Necromancy
 15749 | D:10     | Received a gift from Sif Muna
 15751 | D:10     | Reached skill level 5 in Necromancy
 15751 | D:10     | Got Sif Muna's Opusculum on Niveous Sparks {god gift}
 15779 | D:9      | Learned a level 3 spell: Hailstorm
 15863 | D:10     | Identified the staff of air "Fulieg" {rElec rCorr Str-5
                  | Dex-5 SInv}
 15868 | D:10     | Reached skill level 6 in Necromancy
 16080 | D:10     | Noticed a centaur warrior
 16090 | D:10     | Killed a centaur warrior
 16238 | D:10     | Identified the +8 falchion of the Crushed Princes {freeze,
                  | rPois rN+ rCorr Dex-3}
 16238 | D:10     | Noticed an ogre mage
 16239 | D:10     | Reached skill level 7 in Necromancy
 16325 | D:10     | Killed an ogre mage
 16500 | D:10     | Noticed a two-headed ogre
 16501 | D:10     | Reached skill level 8 in Necromancy
 16673 | D:10     | Noticed a soul eater
 16702 | D:10     | Reached skill level 5 in Spellcasting
 16824 | D:10     | Learned a level 5 spell: Borgnjor's Vile Clutch
 16955 | D:9      | Reached skill level 1 in Earth Magic
 16955 | D:9      | Reached XP level 13. HP: 103/103 MP: 17/20
 17059 | D:10     | Got the Compendium of Electric Outbursts
 17136 | D:10     | Reached skill level 2 in Earth Magic
 18059 | D:11     | Noticed Urug
 18327 | D:10     | Killed Urug
 18328 | D:10     | Reached skill level 3 in Earth Magic
 18498 | D:11     | Noticed Maurice
 18505 | D:11     | Killed Maurice
 18506 | D:11     | Reached skill level 9 in Invocations
 18634 | D:11     | Noticed Sonja
 18645 | D:11     | Killed Sonja
 18646 | D:11     | Reached skill level 9 in Necromancy
 18772 | D:11     | Reached skill level 4 in Earth Magic
 19216 | D:11     | Found a staircase to the Orcish Mines.
 20090 | Lair:1   | Entered Level 1 of the Lair of Beasts
 20237 | Lair:1   | Noticed a catoblepas
 20255 | Lair:1   | Killed a catoblepas
 20456 | Lair:1   | Identified the +1 helmet "Nesu" {*Slow rElec Int+3}
 21006 | Lair:1   | Identified the +0 chain mail of Wisdom {rF+ rN+ Str-5}
 21101 | Lair:1   | Reached skill level 5 in Earth Magic
 21249 | Lair:1   | Reached skill level 10 in Invocations
 21314 | Lair:1   | Found a runed translucent door.
 21319 | Lair:1   | Noticed Mihiasuf's ghost (journeyman MeEE)
 21776 | Lair:2   | Noticed a six-headed hydra
 21788 | Lair:2   | Killed a six-headed hydra
 21906 | Lair:2   | Reached skill level 6 in Spellcasting
 22153 | Lair:2   | Reached skill level 10 in Necromancy
 22169 | Lair:2   | Reached XP level 14. HP: 48/110 MP: 5/23
 22425 | Lair:2   | Reached skill level 6 in Earth Magic
 23468 | Lair:3   | Found a staircase to the Swamp.
 23576 | Lair:3   | Found the +3 salamander hide armour {Flames, rFlCloud rF++
                  | rC--}
 23638 | Lair:3   | Found a hole to the Spider Nest.
 23757 | Lair:3   | Found a runed translucent gate.
 23757 | Lair:3   | Found a runed translucent gate.
 23757 | Lair:3   | Found a runed translucent gate.
 23759 | Lair:3   | Noticed superbruh's ghost (journeyman TrMo)
 23795 | Lair:3   | Reached skill level 7 in Spellcasting
 23842 | Lair:2   | Reached skill level 7 in Earth Magic
 24128 | Lair:3   | Noticed Amaemon
 24139 | Lair:3   | Killed Amaemon
 24356 | Lair:3   | Reached skill level 11 in Necromancy
 25082 | Lair:4   | Reached skill level 8 in Earth Magic
 26398 | Lair:5   | Entered Level 5 of the Lair of Beasts
 26414 | Lair:4   | Reached skill level 12 in Necromancy
 26421 | Lair:4   | Learned a level 6 spell: Death Channel
 27723 | Lair:5   | Reached XP level 15. HP: 36/117 MP: 5/26
 27853 | Lair:5   | Reached skill level 8 in Spellcasting
 28170 | Lair:5   | Reached skill level 11 in Fighting
 28360 | Lair:5   | Received a gift from Sif Muna
 28660 | Lair:5   | Reached skill level 9 in Spellcasting
 28854 | Lair:5   | Got Apsazoic's Spellbook of Evil {god gift}
 28911 | Lair:5   | Found a staircase to the Slime Pits.
 29178 | Lair:5   | Found a runed translucent door.
 29324 | Lair:5   | Reached skill level 12 in Fighting
 29573 | Lair:5   | Learned a level 7 spell: Haunt
 30715 | Lair:5   | Paralysed by a hornet for 3 turns
 30742 | Lair:5   | Reached skill level 10 in Spellcasting
 30763 | Lair:5   | Reached skill level 9 in Summonings
 31412 | Orc:1    | Entered Level 1 of the Orcish Mines
 31412 | Orc:1    | Noticed an orc warlord
 31440 | D:11     | Killed an orc warlord
 32075 | Orc:1    | Reached skill level 10 in Summonings
 32542 | Orc:1    | Noticed Fannar
 32552 | Orc:1    | Killed Fannar
 32743 | Orc:2    | Entered Level 2 of the Orcish Mines
 33208 | Orc:2    | Found Nosumesm's Assorted Antiques.
 33289 | Orc:2    | Reached XP level 16. HP: 109/127 MP: 2/30
 33306 | Orc:2    | Received a gift from Sif Muna
 33489 | Orc:2    | Found Uconae's Distillery.
 33494 | Orc:2    | Found Maewoxabb's General Store.
 33753 | Orc:2    | Reached skill level 11 in Summonings
 33904 | Orc:2    | Found a staircase to the Elven Halls.
 35011 | Orc:2    | Found Hyuxzeism's Book Shop.
 35011 | Orc:2    | Found Viejist's Antique Armour Boutique.
 35012 | Orc:2    | Found a one-way gate leading to the halls of Pandemonium.
 35035 | Orc:2    | Bought a pair of faintly humming gloves for 332 gold pieces
 35035 | Orc:2    | Identified the +0 pair of gloves "Zaryllan" {rElec rC-
                  | Regen+ Str+3} (You bought it in a shop on level 2 of the
                  | Orcish Mines)
 35102 | Orc:2    | Bought a scorched helmet for 180 gold pieces
 35102 | Orc:2    | Identified the +0 helmet of Demons {Str+2} (You bought it
                  | in a shop on level 2 of the Orcish Mines)
 35102 | Orc:2    | Bought a glowing marble ring for 95 gold pieces
 35159 | Orc:2    | Bought a phial of floods for 480 gold pieces
 35641 | D:12     | Found a stormy altar of Qazlal.
 35651 | D:12     | Reached skill level 12 in Summonings
 36111 | D:12     | Found a portal to a secret trove of treasure.
 36525 | D:13     | Received a gift from Sif Muna
 37780 | D:14     | Noticed Kirke
 37794 | D:14     | Killed Kirke
 37815 | D:14     | Reached skill level 13 in Necromancy
 38000 | D:14     | Noticed Azrael
 38207 | D:14     | Killed Azrael
 38208 | D:14     | Reached skill level 13 in Summonings
 39060 | D:14     | Noticed Lodul
 39091 | D:14     | Killed Lodul
 39724 | D:14     | Received a gift from Sif Muna
 39779 | D:14     | Got Sif Muna's Dissertation on Ceraunoscopy and Erosion
                  | {god gift}
 39979 | D:14     | Reached XP level 17. HP: 36/133 MP: 25/31
 40062 | D:14     | Found a gate to the Vaults.
 40097 | D:15     | Entered Level 15 of the Dungeon
 40440 | D:15     | Reached skill level 14 in Summonings
 41109 | D:15     | Found a staircase to the Depths.
 41356 | Swamp:1  | Entered Level 1 of the Swamp
 41682 | Spider:1 | Entered Level 1 of the Spider Nest
 41697 | Spider:1 | Reached skill level 14 in Necromancy
 41861 | Spider:1 | Found a transporter.
 41864 | Spider:1 | Noticed Doqag's ghost (adept MfHs)
 41919 | Spider:1 | HP: 2/133 [jumping spider (12)]
 42237 | Spider:1 | Reached skill level 5 in Armour
 42538 | Spider:1 | Found a transporter.
 42992 | Spider:1 | Identified the ring "Wuhen" {Ice Int+4}
 43212 | Spider:1 | Learned a level 5 spell: Summon Forest
 43265 | Spider:1 | Reached skill level 6 in Armour
 43287 | Spider:1 | HP: 12/133 [meliai/divine providence (14)]
 43482 | Spider:2 | Received a gift from Sif Muna
 43534 | Spider:2 | Got Sif Muna's Atlas of Nival Command {god gift}
 44202 | Spider:2 | Reached skill level 7 in Armour
 45931 | Spider:2 | Received a gift from Sif Muna
 45932 | Spider:2 | Reached skill level 8 in Armour
 45932 | Spider:2 | Got Sif Muna's Exposition on Mustering {god gift}
 47129 | Spider:3 | Reached XP level 18. HP: 129/140 MP: 8/32
 47379 | Spider:3 | Found a transporter.
 47381 | Spider:3 | Noticed mandoloar's ghost (adept FoFi)
 47413 | Spider:3 | Found a transporter.
 48172 | Spider:4 | Entered Level 4 of the Spider Nest
 48336 | Spider:4 | Reached skill level 15 in Summonings
 48336 | Spider:4 | Reached skill level 15 in Necromancy
 48351 | Spider:4 | Found a frozen archway.
 48477 | IceCv    | Entered an ice cave
 48547 | IceCv    | Reached skill level 9 in Armour
 50054 | IceCv    | Noticed an Ice Fiend
 50061 | IceCv    | Killed an Ice Fiend
 50234 | IceCv    | Noticed an Ice Fiend
 50442 | IceCv    | Killed an Ice Fiend
 50698 | IceCv    | Got the Compendium of Cryomancy
 51007 | Spider:4 | Noticed Donald
 51026 | Spider:4 | HP: 9/140 [Donald/+2 heavy eveningstar (39)]
 51162 | Spider:4 | Paralysed by a jorogumo for 3 turns
 51163 | Spider:4 | Received a gift from Sif Muna
 51191 | Spider:4 | Got Sif Muna's Volume of the Grave {god gift}
 51843 | Spider:4 | Reached skill level 10 in Armour
 51893 | Spider:4 | Killed Donald
 52623 | Spider:4 | Found the necklace of Bloodlust {Fury *Rage Will++ Int-3
                  | Slay+6}
 52834 | Spider:4 | Identified the +4 halberd "Zeucuequ" {venom, Dex+6}
 53184 | Spider:2 | Reached skill level 3 in Dodging
 53357 | Spider:3 | Reached skill level 16 in Summonings
 53357 | Spider:3 | Reached skill level 16 in Necromancy
 53439 | Spider:4 | Reached XP level 19. HP: 121/145 MP: 1/33
 53913 | Spider:4 | Reached skill level 4 in Dodging
 54187 | Spider:4 | Got a gossamer rune of Zot
 54552 | Orc:2    | Bought a glowing robe for 129 gold pieces
 54552 | Orc:2    | Bought a glowing robe for 129 gold pieces
 54786 | Lair:3   | Reached skill level 5 in Dodging
 56083 | Swamp:1  | Got Sif Muna's Almanac of Reformation
 56356 | Swamp:2  | Reached skill level 6 in Dodging
 58792 | Swamp:3  | Received a gift from Sif Muna
 58793 | Swamp:3  | Got Sif Muna's Essays on Amorphous Clouds {god gift}
 59487 | Swamp:4  | Entered Level 4 of the Swamp
 59822 | Swamp:4  | Reached skill level 7 in Dodging
 59827 | Swamp:4  | Reached skill level 17 in Necromancy
 60759 | Swamp:4  | HP: 4/144 [will-o-the-wisp/foxfire (29)]
 60769 | Swamp:4  | Reached skill level 11 in Spellcasting
 61199 | Swamp:4  | Reached skill level 8 in Dodging
 61214 | Swamp:4  | Reached XP level 20. HP: 153/153 MP: 9/35
 61942 | Swamp:4  | Got a decaying rune of Zot
 62487 | Vaults:1 | Entered Level 1 of the Vaults
 62706 | Vaults:1 | Found a crumbling gateway.
 62715 | Desolati | Entered the Desolation of Salt
 63118 | Desolati | Killed from afar by a crystal guardian

Vanquished Creatures
  A fenstrider witch (Swamp:4)
  An emperor scorpion (Spider:1)
  3 ghost moths
  An orc warlord (D:11)
  2 very ugly things
  2 bunyips
  2 spark wasps
  Azrael (D:14)
  An ettin (D:11)
  A fire dragon (Lair:5)
  A yaktaur captain (Vaults:1)
  An entropy weaver (Spider:4)
  3 vault guards (D:14)
  Fannar (Orc:1)
  A hell beast (Swamp:4)
  A rakshasa (D:14)
  4 caustic shrike simulacra (IceCv)
  A radroach (Spider:2)
  11 hydras
  4 centaur warriors
  3 two-headed ogres
  2 demonspawn (Orc:2)
  An ogre mage (D:10)
  11 death yaks
  An alligator (Swamp:2)
  5 boulder beetles
  5 orc high priests (Orc:2)
  Urug (D:10)
  Sonja (D:11)
  4 skeletal warriors (D:14)
  A skyshark (Lair:5)
  Amaemon (Lair:3)
  2 sun moths (Spider:3)
  A pharaoh ant (Spider:2)
  2 spriggan druids
  2 swamp dragons
  Lodul (D:14)
  2 goliath frogs
  6 bog bodies
  2 orb spiders
  3 steelbarb worms
  A lindwurm (Lair:5)
  Pikel (D:9)
  An obsidian statue (IceCv)
  3 deep elf pyromancers
  A deep elf zephyrmancer (Bailey)
  5 orc knights
  4 ugly things
  6 orc sorcerers
  A salamander (D:15)
  10 wolf spiders
  A cyclops (shapeshifter) (D:10)
  11 cyclopes
  A rust devil (Orc:2)
  3 moths of wrath
  Maurice (D:11)
  3 black mambas
  3 torpor snails
  3 demonic crawlers
  15 elephants
  An orange demon (Lair:3)
  A smoke demon (Orc:2)
  A gargoyle (D:14)
  13 cane toads
  2 rime drakes
  10 komodo dragons
  3 kobold demonologists
  2 yaktaurs
  Maggie (D:7)
  2 efreet
  2 freezing wraiths (IceCv)
  An anaconda simulacrum (IceCv)
  3 golden dragon simulacra (IceCv)
  A tengu conjurer (D:10)
  A hellwing (Orc:2)
  A bloated husk (Swamp:3)
  2 polar bears
  2 tyrant leeches (Lair:5)
  9 trolls
  3 meliai (Spider:1)
  5 saltlings (Desolation)
  12 hornets
  7 dream sheep (Lair:4)
  20 tarantellas
  13 blink frogs (Lair:5)
  16 slime creatures
  10 jumping spiders
  10 culicivoras
  3 shadows
  3 wraiths
  2 spriggans
  A dire elephant simulacrum (IceCv)
  5 wyverns
  A hog (D:14)
  39 yaks
  11 basilisks
  7 humans (D:14)
  A golden eye (shapeshifter) (D:15)
  A basilisk (shapeshifter) (D:12)
  2 fire elementals (D:14)
  6 steam dragons
  43 redbacks
  7 vampire mosquitoes
  Menkaure (D:6)
  2 wargs
  7 swamp worms
  2 hell hounds (D:14)
  3 acid dragons
  21 water moccasins
  2 hydra simulacra (IceCv)
  Duvessa (D:6)
  5 nameless horrors
  36 orc warriors
  3 ice beasts
  4 sky beasts
  4 black bears
  2 swamp drakes (Lair:5)
  2 ettin simulacra (IceCv)
  11 ogres
  4 wolves (Lair:3)
  A lemure (D:9)
  6 centaurs
  2 small abominations (Swamp:4)
  2 kobold brigands (Sewer)
  18 bullfrogs
  4 gnoll sergeants
  10 scorpions
  8 wights
  Dowan (D:6)
  4 killer bees
  4 howler monkeys
  A crimson imp (D:6)
  A centaur zombie (Ossuary)
  2 hounds
  4 jellies
  5 human zombies (Ossuary)
  2 gnoll boudas
  27 orc priests
  4 iguanas
  2 sleepcaps
  Natasha (thrice) (D:4)
  17 orc wizards
  3 scorpion zombies (Ossuary)
  5 hell rats (Lair:2)
  3 mummies (Ossuary)
  7 adders
  23 gnolls
  3 white imps
  An ufetubus (D:6)
  3 worms
  A dart slug (D:2)
  86 orcs
  11 ball pythons
  6 bats
  6 endoplasms
  8 giant cockroaches
  2 gnoll zombies (Ossuary)
  8 goblins
  6 hobgoblins
  5 jackals (D:3)
  21 kobolds
  6 quokkas
  A frilled lizard (D:2)
  2 goblin zombies (Ossuary)
  3 hobgoblin zombies (Ossuary)
  A kobold zombie (Ossuary)
  3 orc zombies (Ossuary)
  9 rats
931 creatures vanquished.

Vanquished Creatures (collateral kills)
  2 Ice Fiends (IceCv)
  Donald (Spider:4)
  Kirke (D:14)
  A fenstrider witch (Swamp:4)
  5 ghost moths
  8 emperor scorpions
  A broodmother (Spider:4)
  3 very ugly things
  A dire elephant (D:15)
  2 bunyips
  3 eleionomae
  2 green deaths (Swamp:4)
  An entropy weaver (Spider:2)
  A shambling mangrove (Swamp:2)
  2 great orbs of eyes (Swamp:4)
  2 peacekeepers (Desolation)
  5 hydras
  A spriggan air mage (Swamp:4)
  2 jorogumos
  A catoblepas (Lair:1)
  A centaur warrior (D:9)
  Erica (D:9)
  2 boulder beetles
  3 alligators
  3 death yaks (Lair:5)
  A spriggan berserker (Swamp:4)
  2 orc high priests (Orc:2)
  2 pharaoh ants
  A spriggan druid (Swamp:2)
  3 goliath frogs
  9 swamp dragons
  8 orb spiders (Spider:4)
  An obsidian statue (IceCv)
  5 bog bodies (Swamp:4)
  An orc knight (Orc:2)
  An ironbound convoker (Desolation)
  5 steelbarb worms
  12 wolf spiders
  7 ugly things
  A cyclops (D:9)
  7 will-o-the-wisps
  A moth of wrath (Spider:4)
  A guardian serpent (Desolation)
  7 elephants
  5 demonic crawlers
  2 orange demons (Swamp:4)
  4 torpor snails
  A yaktaur (Vaults:1)
  2 freezing wraiths (IceCv)
  5 tyrant leeches
  A polar bear (Lair:5)
  2 nameless horrors
  A saltling (Desolation)
  8 hornets
  9 tarantellas
  3 blink frogs (Lair:5)
  12 slime creatures
  12 jumping spiders
  9 culicivoras
  A shadow (Swamp:4)
  8 spriggans
  2 large abominations (Swamp:4)
  A wraith (D:10)
  A human (D:14)
  A basilisk (D:10)
  A vampire mosquito (Swamp:1)
  A steam dragon (Lair:4)
  29 redbacks
  2 minotaur simulacra (IceCv)
  8 swamp worms
  A warg (Orc:2)
  An orc warrior (Orc:2)
  4 swamp drakes
  An alligator simulacrum (IceCv)
  An ogre (D:14)
  A bullfrog (Lair:1)
  5 orc priests
  2 orc wizards
  2 lightning spires (Swamp:1)
  11 orcs
290 creatures vanquished.

Vanquished Creatures (others)
  A goliath frog (Swamp:1)
  A bog body (Swamp:4)
  A deep elf pyromancer (D:8)
  An unseen horror (D:10)
  5 bloated husks
  A hornet (Swamp:4)
  A spriggan (Lair:3)
  A hog (shapeshifter) (D:8)
  3 humans (D:14)
  A swamp worm (Swamp:3)
  2 ball lightnings (Swamp:1)
  A bush (Lair:5)
  63 foxfires
  55 fungi
  110 plants
  3 snaplasher vines (IceCv)
250 creatures vanquished.

Grand Total: 1471 creatures vanquished

Table legend: (Time is in decaauts)
 A = Elapsed time spent in this place.
 B = Non-inter-level travel time spent in this place.
 C = Inter-level travel time spent in this place.
 D = Time resting spent in this place.
 E = Time spent auto-exploring this place.
 F = Levels seen in this place.
 G = Mean time per level.
                   A        B        C        D        E       F      G
               +--------+--------+--------+--------+--------+-----+--------+
         Total |  63856 |  60783 |   3073 |  14469 |  35004 |  36 | 1773.8 |
       Dungeon |  24596 |  23169 |   1427 |   4598 |  14370 |  15 | 1639.7 |
          Lair |  12253 |  11512 |    741 |   3316 |   6144 |   5 | 2450.6 |
         Swamp |   7714 |   7530 |    184 |   1833 |   4657 |   4 | 1928.5 |
   Spider Nest |  10153 |   9773 |    380 |   2264 |   5794 |   4 | 2538.2 |
  Orcish Mines |   3481 |   3142 |    339 |    514 |   1960 |   2 | 1740.5 |
        Vaults |    231 |    231 |      0 |     77 |      0 |   1 |  231.0 |
         Sewer |    487 |    487 |      0 |      3 |    391 |   1 |  487.0 |
       Ossuary |   1477 |   1477 |      0 |    255 |    655 |   1 | 1477.0 |
        Bailey |    699 |    699 |      0 |    264 |    278 |   1 |  699.0 |
      Ice Cave |   2356 |   2356 |      0 |   1130 |    754 |   1 | 2356.0 |
    Desolation |    405 |    405 |      0 |    215 |      0 |   1 |  405.0 |
               +--------+--------+--------+--------+--------+-----+--------+

Top non-repeatable levels by time:
Spider:2: 3520 daAuts
  Lair:5: 3241 daAuts
Spider:4: 3151 daAuts
  Lair:4: 3063 daAuts
 Swamp:4: 2692 daAuts
   Orc:2: 2597 daAuts
    D:14: 2573 daAuts
    D:11: 2403 daAuts
   IceCv: 2356 daAuts
  Lair:3: 2214 daAuts
     D:9: 2140 daAuts
    D:10: 2109 daAuts
     D:5: 2087 daAuts
  Lair:2: 2016 daAuts
     D:7: 1924 daAuts

Table legend:
 A = Non-vault XP
 B = Vault XP
 C = Vault XP percentage of total XP
 D = Non-vault monster count
 E = Vault monster count
 F = Vault count percentage of total count
                 A         B        C        D         E       F
            +---------+---------+-------+---------+---------+-------
      Total |  207999 |  147457 |  41.5 |     785 |     437 |  35.8
            +---------+---------+-------+---------+---------+-------
        D:1 |      26 |       0 |   0.0 |      14 |       0 |   0.0
        D:2 |      47 |       0 |   0.0 |      20 |       0 |   0.0
        D:3 |      62 |       2 |   3.1 |      22 |       1 |   4.3
        D:4 |     248 |      35 |  12.4 |      18 |       1 |   5.3
        D:5 |    1484 |       0 |   0.0 |      27 |       0 |   0.0
        D:6 |     370 |     456 |  55.2 |       7 |      13 |  65.0
        D:7 |     683 |    2016 |  74.7 |      17 |      16 |  48.5
        D:8 |    1412 |    2601 |  64.8 |      21 |      13 |  38.2
        D:9 |    3106 |    3242 |  51.1 |      26 |      11 |  29.7
       D:10 |    4120 |    8115 |  66.3 |      19 |      28 |  59.6
       D:11 |    4840 |    1574 |  24.5 |      28 |       9 |  24.3
       D:12 |    2754 |       0 |   0.0 |      11 |       0 |   0.0
       D:13 |    7932 |       0 |   0.0 |      25 |       0 |   0.0
       D:14 |   12023 |    9149 |  43.2 |      25 |      27 |  51.9
       D:15 |    1447 |    2310 |  61.5 |       4 |       4 |  50.0
     Lair:1 |    7823 |       0 |   0.0 |      23 |       0 |   0.0
     Lair:2 |    6697 |       0 |   0.0 |      32 |       0 |   0.0
     Lair:3 |    7439 |    3104 |  29.4 |      24 |       5 |  17.2
     Lair:4 |   13526 |       0 |   0.0 |      33 |       0 |   0.0
     Lair:5 |   19345 |    9200 |  32.2 |      45 |      30 |  40.0
    Swamp:1 |    9019 |     541 |   5.7 |      18 |       3 |  14.3
    Swamp:2 |   11796 |     299 |   2.5 |      23 |       1 |   4.2
    Swamp:3 |    5548 |    1465 |  20.9 |      14 |       4 |  22.2
    Swamp:4 |   19345 |   20719 |  51.7 |      42 |      31 |  42.5
   Spider:1 |   12268 |       0 |   0.0 |      42 |       0 |   0.0
   Spider:2 |   18268 |   11652 |  38.9 |      59 |      18 |  23.4
   Spider:3 |    7413 |    5558 |  42.8 |      16 |       7 |  30.4
   Spider:4 |   20235 |   27362 |  57.5 |      48 |      50 |  51.0
      Orc:1 |    2674 |     876 |  24.7 |      42 |       1 |   2.3
      Orc:2 |    3201 |   15203 |  82.6 |      32 |      57 |  64.0
   Vaults:1 |    2848 |       0 |   0.0 |       8 |       0 |   0.0
      Sewer |       0 |     232 | 100.0 |       0 |      24 | 100.0
    Ossuary |       0 |    1007 | 100.0 |       0 |      30 | 100.0
     Bailey |       0 |    1600 | 100.0 |       0 |      17 | 100.0
      IceCv |       0 |   14650 | 100.0 |       0 |      26 | 100.0
 Desolation |       0 |    4489 | 100.0 |       0 |      10 | 100.0
            +---------+---------+-------+---------+---------+-------
